 Dungeon Crawl Stone Soup version 0.21-a0-361-g4efd3f9 (webtiles) character file.

1136330 4thArraOfDagon the Executioner (level 27, 0/292 HPs)
             Began as a Minotaur Abyssal Knight on Oct 13, 2017.
             Was the Champion of Lugonu.
             Slain by Antaeus
             ... wielding an uncursed staff of fire
              (11 damage)
             ... on level 7 of Cocytus.
             The game lasted 05:00:24 (43459 turns).

4thArraOfDagon the Executioner (MiAK)              Turns: 43459, Time: 05:00:25

Health: 0/292      AC: 28    Str: 18    XL:     27
Magic:  31/50      EV: 28    Int: 18    God:    Lugonu [******]
Gold:   3537       SH:  0    Dex: 15    Spells: 9/56 levels left

rFire    + . .     SeeInvis .   a - +8 frozen axe "Frostbite" {freezing cloud, *Noise +Fly rC+}
rCold    + + .     Gourm    .   (shield currently unavailable)
rNeg     + + +     Faith    .   (armour currently unavailable)
rPois    ∞         Spirit   .   V - +2 hat {MR+}
rElec    +         Reflect  .   l - scarf {rC+ rF+}
rCorr    .         Harm     .   (gloves currently unavailable)
MR       ++++.     Clarity  +   (boots currently unavailable)
Stlth    +.........             j - amulet of regeneration
HPRegen  1.98/turn              A - +5 ring of slaying
MPRegen  0.32/turn              Q - ring of Xaruhopt {rElec rN++ MP+9}

@: statue-form, very slightly contaminated, regenerating (expiring), very slow
A: retaliatory headbutt, horns 2, repulsion field 1, agile 1, blink, clarity,
frail 1, magic resistance 1, screaming 1, subdued magic 1
}: 13/15 runes: serpentine, barnacled, slimy, silver, golden, iron, obsidian,
abyssal, demonic, glowing, magical, fiery, dark
a: End Transformation, Blink, Depart the Abyss, Bend Space, Banish, Corrupt,
Enter the Abyss, Brand Weapon With Distortion, Renounce Religion, Evoke Flight


You were on level 7 of Cocytus.
You worshipped Lugonu.
Lugonu was exalted by your worship.
You were full.
You were a stone statue.
You visited 15 branches of the dungeon, and saw 75 of its levels.
You visited Pandemonium 1 time, and saw 21 of its levels.
You visited the Abyss 11 times.
You visited 1 bazaar.
You visited 1 ziggurat, and saw 18 of its levels.
You also visited: Labyrinth and Sewer.

You collected 4983 gold pieces.
You spent 1446 gold pieces at shops.

Inventory:

Hand Weapons
 a - the +8 frozen axe "Frostbite" (weapon) {freezing cloud, *Noise +Fly rC+}
   (You found it on level 5 of the Pits of Slime)

   It has been specially enchanted to freeze those struck by it, causing extra
   injury to most foes and up to half again as much damage against particularly
   susceptible opponents.
   It can also slow down cold-blooded creatures.
   It protects you from cold.
   It lets you fly.
   It may make noises in combat.
 X - the +8 battleaxe "Amit" {drain, rF+ Str+3}
   (You bought it in a shop on level 7 of the Dungeon)

   A truly terrible weapon, it drains the life of those it strikes.
   It affects your strength (+3).
   It protects you from fire.
Missiles
 M - 3 throwing nets (quivered)
Armour
 l - a scarf of resistance (worn)
 m - the +2 robe "Gerigousho" (melded) {-Tele rC++ Regen+ Int+3}
   (You found it on level 2 of the Depths)

   It affects your intelligence (+3).
   It greatly protects you from cold.
   It prevents most forms of teleportation.
   It increases your rate of regeneration.
 T - the +1 pair of boots of Makhleb's Envy (melded) {rF+ rN+ Stlth-}
   (You found it on level 1 of the Lair of Beasts)

   It protects you from fire.
   It protects you from negative energy.
   It makes you less stealthy.
 V - a +2 hat of magic resistance (worn)
 W - the +2 pair of gloves of the Blind Marksman (melded) {rC+ Str+5}
   (You found it on level 13 of the Dungeon)

   It affects your strength (+5).
   It protects you from cold.
Magical Staves
 b - an uncursed staff of earth
Jewellery
 j - an amulet of regeneration (around neck)
 A - a +5 ring of slaying (left hand)
 K - the ring "Pimp" {rCorr Str+4}
   (You found it on level 1 of the Depths)

   [ring of resist corrosion]

   It affects your strength (+4).
 N - an uncursed ring of protection from cold
 O - the ring "Maodweim" {rElec rPois rF+ Int+4}
   (You took it off a deep elf death mage on level 3 of the Elven Halls)

   [ring of poison resistance]

   It affects your intelligence (+4).
   It protects you from fire.
   It insulates you from electricity.
   It protects you from poison.
 Q - the ring of Xaruhopt (right hand) {rElec rN++ MP+9}
   (You found it on level 16 of a ziggurat)

   [ring of magical power]

   It insulates you from electricity.
   It greatly protects you from negative energy.
   It affects your magic capacity (+9).
Wands
 w - a wand of clouds (6/9)
 y - a wand of digging (2/24)
 S - a wand of acid (2/15)
Scrolls
 d - 12 scrolls of enchant weapon
 g - 8 scrolls of holy word
 i - 5 scrolls of teleportation
 k - a scroll of blinking
 r - 15 scrolls of recharging
 u - 12 scrolls of remove curse
 v - 8 scrolls of magic mapping
 H - 2 scrolls of fog
 J - 7 scrolls of fear
 L - a scroll of identify
Potions
 f - 2 potions of berserk rage
 n - 4 potions of might
 p - 8 potions of curing
 q - 5 potions of heal wounds
 x - 12 potions of flight
 z - 5 potions of ambrosia
 B - 5 potions of mutation
 C - 7 potions of agility
 D - 3 potions of brilliance
 I - 2 potions of resistance
 P - 3 potions of cancellation
 R - 2 potions of invisibility
 U - 13 potions of haste
Books
 F - a Necronomicon

   Spells                             Type                      Level
   a - Haunt                          Necromancy/Summoning         7
   b - Borgnjor's Revivification      Necromancy                   8
   c - Death's Door                   Charms/Necromancy            8
   d - Infestation                    Necromancy                   8
   e - Necromutation                  Transmutation/Necromancy     8
Miscellaneous
 e - 9 phantom mirrors
 h - a phial of floods
 o - a figurine of a ziggurat
 s - 6 boxes of beasts
 t - 6 sacks of spiders
 G - a fan of gales
 Y - a lightning rod (4/4)
 Z - a lamp of fire
Comestibles
 E - 15 meat rations


   Skills:
 - Level 21.1 Fighting
 - Level 26.0 Axes
 - Level 13.2 Armour
 - Level 18.5 Dodging
 - Level 15.1 Spellcasting
 - Level 6.0 Charms
 - Level 6.6 Necromancy
 - Level 20.0 Translocations
 - Level 12.0 Transmutations
 - Level 12.0 Earth Magic
 * Level 25.1 Invocations


You had 9 spell levels left.
You knew the following spells:

 Your Spells              Type           Power        Failure   Level  Hunger
a - Swiftness             Chrm/Air       ###.....     1%          2    None
b - Blink                 Tloc           N/A          0%          2    None
c - Statue Form           Tmut/Erth      #####....    3%          6    #####..
d - Passwall              Tmut/Erth      #####.....   1%          2    None
e - Passage of Golubria   Tloc           N/A          0%          4    None
f - Apportation           Tloc           ######       0%          1    None
g - Lee's Rapid Deconstr  Erth           #####.....   1%          5    ####...
h - Regeneration          Chrm/Necr      ####......   1%          3    None
i - Song of Slaying       Chrm           ####....     1%          2    None
j - Spectral Weapon       Hex/Chrm       ###.....     3%          3    None
k - Deflect Missiles      Chrm/Air       ###.......   89%         6    #####..
l - Controlled Blink      Tloc           N/A          6%          8    #######
m - Lesser Beckoning      Tloc           ######....   0%          3    None


Dungeon Overview and Level Annotations

Branches:
Dungeon (15/15)              Lair (6/6) D:8          Shoals (4/4) Lair:4
  Snake (4/4) Lair:3        Slime (5/5) Lair:6          Orc (2/2) D:10
    Elf (3/3) Orc:2        Vaults (5/5) D:14          Crypt (3/3) Vaults:3
   Tomb (3/3) Crypt:3      Depths (5/5) D:15           Hell (1/1)
    Dis (7/7) Hell            Geh (7/7) Hell            Coc (7/7) Hell
 Temple: D:4-7          Tar: Hell:1         Zot: Depths:5

Altars:
Ashenzari
Fedhas
Kikubaaqudgha
Nemelex Xobeh
Okawaru
Trog
Xom
Yredelemnul
Zin
Beogh
Jiyva
Lugonu

Shops:
D:4 ?   D:7 (   D:12 }   D:14 [   D:15 %[   Orc:2 [?=:?

Portals:
Hell: Depths:2 Depths:3 Depths:4
Abyss: Depths:4
Pandemonium: Orc:2 Depths:1 Depths:3

Annotations:
D:9 Psyche
D:10 ORCS
D:13 corrupted
Snake:4 corrupted
Vaults:3 CRYPT
Tomb:2 Khufu
Tomb:3 corrupted
Dis:7 corrupted, Dispater
Geh:7 corrupted, Asmodeus
Coc:7 corrupted, Antaeus


Innate Abilities, Weirdness & Mutations

You reflexively headbutt those who attack you in melee.
You have a pair of horns on your head.
You are surrounded by a mild repulsion field. (EV +2)
((You are mostly covered in icy blue scales. (AC +3)))
You are agile. (Dex +2)
You can translocate small distances at will.
You possess an exceptional clarity of mind.
You are frail. (-10% HP)
You are resistant to hostile enchantments. (MR+)
You occasionally shout uncontrollably at your foes.
Your spells are a little easier to cast, but a little less powerful.


Message History

The Ice Fiend gestures at you.
The bolt of cold hits Antaeus.
Antaeus appears unharmed.
The bolt of cold misses you. Antaeus hits you but does no damage.
Antaeus barely misses you.
A reaper comes into view. It is wielding a scythe of slicing.
You see here 22 gold pieces.
Unknown command.
Unknown command.
Your skin is crawling a little less now.
The Ice Fiend calls on the powers of darkness!
Your body is wracked with pain!
* * * LOW HITPOINT WARNING * * *
Antaeus hits you with a staff of fire!!!
* * * LOW HITPOINT WARNING * * *
Antaeus freezes you! You resist.
* * * LOW HITPOINT WARNING * * *
Antaeus hits you with a staff of fire!
* * * LOW HITPOINT WARNING * * *
Antaeus freezes you! You resist.
You die...

****##≈≈≈≈≈≈....# **,,,,,,,,,
****##≈≈≈≈≈≈....# *******,,,,,,
****##≈≈≈≈≈.....# **,,** **,,,,,
****##≈≈≈≈≈...### *,,,,*****,,,,
****##≈≈≈≈≈..## *,,,,,,*****,,
****##≈≈≈≈≈..# **,,*,,.## *..
****##≈≈≈≈≈..# ####******..#*#2#
****##≈≈≈≈#..###)$## *..##..*
****##≈≈≈≈≈..##8:z?### *#.#..**
****##≈≈≈≈≈..##$C.12.#**##...#**
****##≈≈≈≈≈..###$)##2.Z##....#
****##≈≈≈≈≈..# ####*##.......##
****##≈≈≈≈≈..# *#4Z.....#
****##≈≈≈≈≈..# ##** ##...#..##
****##≈≈≈≈≈..# ##$.#####.......#
****##≈≈≈≈≈..# #(..$.)z........#
****##≈≈≈≈≈..###$=.#..W###....#.


You could see Antaeus, an Ice Fiend, a reaper, a blizzard demon, a skeletal
warrior and an ice dragon skeleton.

Vanquished Creatures
  Cerebov (Pan)
  the Royal Jelly (Slime:5)
  Gloorx Vloq (Pan)
  A pandemonium lord (Pan)
  Mnoleg (Pan)
  the Serpent of Hell (Geh:7)
  Mennas (Vaults:4)
  3 juggernauts
  10 ancient liches
  10 greater mummies
  Boris (Vaults:3)
  Bai Suzhen (Elf:3)
  2 shard shrikes (Coc:7)
  A Killer Klown (Zig:2)
  Saint Roka (Snake:3)
  Vashnia (Snake:2)
  Geryon (Hell)
  Jory (Tomb:2)
  The ghost of WereVolvo the Anointer, a veteran GnSk of Okawaru (Elf:3)
  3 golden dragons
  A bone dragon (Coc:5)
  A profane servitor (Abyss:1)
  3 Brimstone Fiends
  4 Tzitzimimeh
  A hellephant (Abyss:1)
  3 Ice Fiends
  Rupert (Lair:3)
  6 tentacled monstrosities
  5 Hell Sentinels
  4 iron giants
  13 liches
  2 deep elf blademasters (Elf:3)
  7 titans
  3 quicksilver dragons
  The ghost of haldagan the Eclecticist, an adept DETm of Cheibriados (Depths:1)
  2 deep elf master archers (Elf:3)
  35 acid blobs
  Polyphemus (Shoals:4)
  9 ancient champions
  8 sphinxes
  Gastronok (Lair:3)
  20 Executioners (Pan)
  An eldritch tentacle (Pan)
  5 tentacled starspawn
  6 shadow dragons
  A storm dragon (Vaults:5)
  17 nagarajas
  11 tengu reavers
  6 revenants
  Kirke (Shoals:3)
  Ilsuiw (Shoals:4)
  19 azure jellies
  A draconian knight (Zig:14)
  The ghost of arkorax the Severer, a journeyman MiBe of Trog (Depths:2)
  13 frost giants
  2 ghost moths (Zig:13)
  6 iron dragons
  20 fire giants
  12 deep elf sorcerers
  Aizul (Snake:3)
  13 vault wardens
  A draconian scorcher (Depths:5)
  14 balrugs
  An emperor scorpion (Zig:13)
  2 orc warlords
  A warmonger (Pan)
  9 cacodemons (Pan)
  8 curse skulls
  4 deep elf elementalists
  9 ghouls
  22 very ugly things
  An elemental wellspring (Coc:7)
  3 draconian annihilators
  4 spriggan defenders
  10 war gargoyles
  14 ironheart preservers
  20 reapers
  3 entropy weavers
  18 stone giants
  6 bennus
  8 blood saints
  2 lorocyprocas
  7 deep elf demonologists
  A black sun (Pan)
  A yellow draconian (Depths:5)
  13 deep elf annihilators
  31 starcursed masses
  12 vampire knights
  2 spark wasps (Depths:1)
  9 deep elf death magi
  5 eidola
  9 death oozes
  7 merfolk javelineers
  6 blizzard demons
  15 ettins
  16 mummy priests
  A minotaur (Lab)
  6 quicksilver dragon zombies
  12 jiangshi
  15 fire dragons
  13 yaktaur captains
  Snorg (Lair:3)
  A green death (Zig:5)
  6 deep elf high priests
  11 merfolk impalers
  Josephine (D:11)
  25 ice dragons
  17 great orbs of eyes
  6 rakshasas
  5 monstrous demonspawn (Pan)
  A spectral shadow dragon (Zig:4)
  28 vault guards
  9 hydras
  11 spriggan air magi
  2 catoblepae
  A hell beast (Dis:1)
  12 naga warriors
  22 anacondas
  4 quicksilver dragon skeletons
  11 centaur warriors
  3 alligator snapping turtles
  An alligator (Zig:5)
  3 merfolk avatars
  2 satyrs (Shoals:4)
  A death knight (Abyss:1)
  A queen ant (shapeshifter) (D:11)
  12 ogre magi
  10 deep troll shamans
  14 death yaks
  12 merfolk aquamancers
  A satyr (shapeshifter) (Depths:1)
  35 two-headed ogres
  46 death scarabs
  7 dancing weapons
  12 vampire magi
  14 hell hogs
  5 orc high priests
  10 deep troll earth magi
  6 spriggan berserkers
  A shock serpent (shapeshifter) (Depths:5)
  4 titan zombies
  6 thrashing horrors
  15 naga sharpshooters
  2 storm dragon zombies
  5 shock serpents
  10 deep elf knights
  3 titan skeletons
  20 sixfirhies
  37 sun demons
  Nergalle (D:11)
  28 soul eaters
  12 iron trolls
  9 wretched stars
  A fire crab (shapeshifter) (Elf:2)
  4 golden dragon zombies
  8 shadow wraiths
  3 salamander mystics
  A spatial maelstrom (Abyss:1)
  6 storm dragon skeletons
  14 sea snakes
  15 deep trolls
  4 anaconda zombies
  16 hell knights
  55 skeletal warriors
  7 unseen horrors
  A shadow demon (Pan)
  A spriggan druid (Zig:3)
  A ghost moth zombie (Dis:3)
  3 torturous demonspawn (Pan)
  14 flayed ghosts
  14 naga ritualists
  14 deep elf archers
  5 infernal demonspawn
  8 wizards
  4 glowing orange brains
  2 swamp dragons (Zig:5)
  7 shadow dragon zombies
  5 gelid demonspawn
  15 ironbrand convokers
  A kraken simulacrum (Hell)
  13 orc knights
  2 wolf spider zombies
  A sphinx zombie (Crypt:2)
  18 phantasmal warriors
  A lindwurm (Lair:6)
  3 iron dragon zombies
  12 necromancers
  6 frost giant zombies
  4 anaconda skeletons
  20 harpies
  An orb spider (Abyss:1)
  The ghost of DEFE the Infuser, a novice DESk of Sif Muna (D:8)
  2 fauns (Shoals:2)
  12 mana vipers
  38 deep elf magi
  2 shambling mangroves (Zig:3)
  5 fire giant zombies
  13 orc sorcerers
  A spectral spriggan (Zig:4)
  4 oklob plants (Zig:14)
  A cyclops (shapeshifter) (Depths:1)
  11 cyclopes
  5 wolf spiders
  2 golden dragon skeletons
  2 stone giant zombies
  10 salamanders
  14 manticores
  3 moths of wrath (Zig:12)
  5 worldbinders
  11 shining eyes
  3 shadow dragon skeletons
  2 frost giant skeletons
  36 ugly things
  2 centaur zombies
  A guardian serpent (shapeshifter) (D:15)
  5 stone giant skeletons
  12 guardian serpents
  8 elephants
  32 smoke demons
  50 black mambas
  9 merfolk sirens
  3 iron dragon skeletons
  A moth of wrath (shapeshifter) (Vaults:5)
  An apocalypse crab (Abyss:1)
  8 water nymphs
  4 eyes of devastation
  4 dire elephant zombies
  18 rust devils
  14 vault sentinels
  25 naga magi
  16 orange demons
  A black mamba (shapeshifter) (Vaults:1)
  8 fire giant skeletons
  5 molten gargoyles (Geh:7)
  6 gargoyles
  2 shock serpent zombies
  An ice statue (Zig:7)
  15 spiny frogs
  Joseph (D:8)
  3 torpor snails (Zig:13)
  18 hellions
  3 rime drakes
  A yaktaur (shapeshifter) (Elf:3)
  A catoblepas zombie (Hell)
  2 elf skeletons
  A kobold demonologist (D:12)
  A dire elephant skeleton (Hell)
  A shock serpent skeleton (Pan)
  A death yak zombie (Crypt:1)
  6 efreet
  7 komodo dragons
  52 yaktaurs
  An emperor scorpion zombie (Geh:7)
  23 freezing wraiths
  9 ancient zymes
  17 small abominations
  14 hellwings
  28 ice devils
  19 tormentors
  2 yaktaur skeletons (Vaults:1)
  A golden dragon simulacrum (Crypt:2)
  A death yak skeleton (Crypt:1)
  3 human skeletons
  44 guardian mummies
  3 tengu conjurers
  3 jumping spiders (Zig:13)
  3 demonic crawlers (Zig:13)
  A queen bee (Abyss:3)
  A polar bear (Lair:5)
  45 large abominations
  3 harpy zombies
  2 meliai (Abyss:3)
  17 red devils
  9 hydra zombies
  A queen bee (shapeshifter) (Depths:3)
  11 trolls
  A meliai (shapeshifter) (Vaults:3)
  34 merfolk
  107 slime creatures
  7 wind drakes
  7 hornets
  3 hydra skeletons
  Grinder (Abyss:1)
  4 fire dragon zombies
  A stone giant simulacrum (Hell)
  2 hornets (shapeshifter)
  4 alligator zombies
  4 ice dragon zombies
  8 snapping turtles
  15 dream sheep
  A dream sheep (shapeshifter) (Vaults:5)
  2 blink frogs (shapeshifter)
  A frost giant simulacrum (Vaults:3)
  2 raiju (Abyss:1)
  A meliai zombie (D:11)
  A slime creature (shapeshifter) (Depths:2)
  11 hippogriffs
  5 ettin zombies
  An alligator skeleton (Crypt:3)
  A snapping turtle (shapeshifter) (Abyss:3)
  22 blink frogs
  10 fire dragon skeletons
  2 ice dragon skeletons
  2 bog bodies
  61 flying skulls
  5 tarantellas
  2 black mamba zombies (Coc:6)
  20 water elementals
  9 air elementals
  3 vampires
  24 wraiths
  12 ynoxinuls
  9 shadows
  A centaur simulacrum (D:15)
  A redback (shapeshifter) (Vaults:5)
  57 yaks
  6 redbacks
  3 basilisks
  11 spriggans
  2 wyverns
  15 ushabtiu
  4 ettin skeletons
  A vampire mosquito (Zig:3)
  2 hungry ghosts (Crypt:3)
  19 fire elementals
  3 hogs (Shoals:3)
  14 chaos spawn
  12 neqoxecs
  12 golden eyes
  A wind drake skeleton (Crypt:2)
  2 insubstantial wisps (Zig:5)
  A water moccasin (shapeshifter) (Vaults:4)
  A swamp worm (shapeshifter) (Vaults:5)
  A harpy simulacrum (Abyss:1)
  An acid dragon (D:15)
  57 nagas
  6 wargs
  A hydra simulacrum (Coc:6)
  An infernal demonspawn zombie (Geh:2)
  An acid dragon (shapeshifter) (Vaults:5)
  19 water moccasins
  9 porcupines
  43 hell hounds
  An orb spider zombie (Crypt:2)
  5 spiny frog zombies
  2 swamp drakes
  57 orc warriors
  5 floating eyes
  5 black bears
  12 eyes of draining
  2 phantoms
  5 sky beasts
  4 spiny frog skeletons
  A deep troll simulacrum (Depths:1)
  4 ice beasts
  11 necrophages
  An elephant zombie (Crypt:1)
  34 ogres
  5 snapping turtle zombies
  4 boggarts
  A manticore zombie (Dis:7)
  14 wolves
  A snapping turtle skeleton (Pan)
  14 crocodiles
  A swamp dragon skeleton (Pan)
  A manticore skeleton (Hell)
  23 centaurs
  A big kobold (D:10)
  A gnoll sergeant (D:10)
  12 bullfrogs
  3 earth elementals
  A glowing shapeshifter simulacrum (Vaults:5)
  11 killer bees
  4 scorpions
  A troll skeleton (Crypt:3)
  16 wights
  A howler monkey (D:4)
  3 electric eels
  A yak skeleton (Crypt:2)
  14 crimson imps
  2 human simulacra
  3 bullfrog zombies
  3 quasits
  A human zombie (Dis:2)
  8 jellies
  42 orc priests
  4 centaur skeletons
  A gnoll shaman (Zig:12)
  4 hounds
  13 iron imps
  Crazy Yiuf (D:3)
  2 bullfrog skeletons
  Terence (D:3)
  2 hell rats
  36 orc wizards
  3 iguanas
  A lightning spire (Zig:8)
  4 worker ants
  A killer bee zombie (D:5)
  A tengu zombie (Dis:6)
  An ogre skeleton (Crypt:3)
  34 mummies
  A worker ant zombie (Crypt:1)
  A howler monkey skeleton (D:4)
  14 gnolls
  9 adders
  2 river rats (D:8)
  5 shadow imps
  11 white imps
  5 ufetubi
  An ooze (D:4)
  3 adder skeletons
  3 worms
  2 dart slugs
  10 leopard geckos
  133 orcs
  3 ball pythons
  16 giant cockroaches
  3 goblins
  3 hobgoblins
  17 kobolds
  9 quokkas
  2 bats (D:1)
  7 frilled lizards
  2 leopard gecko skeletons
  An orc skeleton (Geh:1)
  An orc zombie (Dis:6)
  A quokka skeleton (D:7)
  A quokka zombie (Crypt:1)
  2 rats (D:8)
  A rat zombie (Crypt:1)
  A block of ice (Pan)
  A fire vortex (Pan)
  5 fungi
  12 plants
  9 starspawn tentacles
  A tentacle (Hell)
  A withered plant (Crypt:3)
3738 creatures vanquished.

Vanquished Creatures (collateral kills)
  A shining eye (Slime:5)
  3 orb spiders (Zig:13)
4 creatures vanquished.

Vanquished Creatures (others)
  A pandemonium lord (Pan)
  A shard shrike (Coc:7)
  3 liches
  An iron giant (Dis:7)
  5 Brimstone Fiends (Geh:7)
  A hellephant (Pan)
  2 Ice Fiends (Coc:7)
  The ghost of Edirash the Slayer, an adept MiFi of Okawaru (Snake:4)
  Frances (D:13)
  7 acid blobs (Zig:18)
  An eldritch tentacle (Pan)
  A sphinx (Tomb:1)
  2 revenants (Tomb:2)
  3 azure jellies (Zig:18)
  A fire giant (Vaults:5)
  An iron dragon (Dis:7)
  3 balrugs (Geh:7)
  2 reapers (Coc:7)
  3 war gargoyles (Dis:7)
  3 mummy priests (Tomb:3)
  A green death (Pan)
  A blizzard demon (Coc:7)
  3 death oozes (Zig:18)
  A great orb of eyes (Zig:18)
  The ghost of nht the Grappler, a journeyman TrFi of Okawaru (D:9)
  A hydra (D:12)
  2 spriggan air magi (Pan)
  A hell beast (Pan)
  36 death scarabs
  4 hell hogs
  An orc high priest (Zig:12)
  5 sun demons (Geh:7)
  A two-headed ogre (D:8)
  A storm dragon zombie (Tomb:2)
  A soul eater (Pan)
  7 skeletal warriors
  A shadow wraith (Abyss:2)
  3 wizards (Pan)
  An orc knight (D:13)
  A necromancer (Geh:1)
  A harpy (Shoals:4)
  3 ugly things
  5 manticores
  A deep elf mage (D:13)
  A shining eye (Zig:18)
  A stone giant zombie (Dis:7)
  12 slime creatures
  A naga mage (Zig:11)
  4 smoke demons (Pan)
  An ice statue (Coc:7)
  2 rust devils (Dis:7)
  2 molten gargoyles (Geh:7)
  A black mamba (Zig:11)
  An efreet (Pan)
  An orange demon (Pan)
  23 hellions
  2 kobold demonologists (D:13)
  An ice devil (Coc:7)
  A freezing wraith (Coc:7)
  4 hellwings (Pan)
  4 tormentors
  7 guardian mummies (Tomb:3)
  A meliai (Abyss:3)
  3 red devils (Geh:7)
  A hornet (D:5)
  The ghost of zero the Chopper, an amateur GrBe of Trog (D:4)
  A bog body (Coc:7)
  A fire dragon zombie (Tomb:2)
  2 hippogriffs
  An ice dragon zombie (Coc:7)
  15 flying skulls
  A wraith (Dis:7)
  An ice dragon skeleton (Tomb:3)
  A black mamba skeleton (Tomb:2)
  A ynoxinul (Pan)
  3 ushabtiu (Tomb:3)
  8 neqoxecs (Pan)
  2 golden eyes
  A hungry ghost (D:13)
  4 fire bats (Pan)
  3 spatial vortices (Coc:7)
  A naga (Snake:4)
  An acid dragon (D:11)
  4 hell hounds
  A floating eye (Zig:18)
  2 orc warriors
  4 eyes of draining (Zig:18)
  2 ogres
  A small abomination (Abyss:2)
  4 big kobolds (D:13)
  A killer bee (Abyss:3)
  A wight (D:13)
  A jelly (D:13)
  2 orc wizards
  An iron imp (Dis:7)
  7 mummies
  2 white imps
  36 ball lightnings (Pan)
  4 orcs
  A bat (D:3)
  A giant cockroach (D:3)
  17 kobolds
  3 blocks of ice (Pan)
  5 fire vortices
  2 fungi (Lair:4)
  6 plants
  49 starspawn tentacles
  3 tentacles (Hell)
  4 withered plants (Crypt:3)
412 creatures vanquished.

Grand Total: 4154 creatures vanquished

Notes
Turn   | Place    | Note
-------+----------+-------------------------------------------
     0 | Abyss:1  | 4thArraOfDagon the Minotaur Abyssal Knight began the quest for the Orb.
     0 | Abyss:1  | Reached XP level 1. HP: 19/19 MP: 1/1
    93 | Abyss:2  | Noticed a smoke demon
   104 | D:1      | Escaped the Abyss
   106 | D:1      | Noticed an electric eel
   182 | D:1      | Reached * piety under Lugonu
   182 | D:1      | Reached XP level 2. HP: 6/27 MP: 2/2
   707 | D:3      | Reached skill level 3 in Axes
   777 | D:3      | Noticed a crimson imp
   799 | D:3      | Killed a crimson imp
   799 | D:3      | Reached XP level 3. HP: 19/33 MP: 3/3
   853 | D:3      | Found a glowing drain.
   872 | Sewer    | Entered a sewer
   882 | Sewer    | Reached XP level 4. HP: 24/40 MP: 4/4
  1056 | Sewer    | Noticed a bullfrog
  1063 | Sewer    | Noticed a bullfrog
  1064 | Sewer    | Killed a bullfrog
  1064 | Sewer    | Reached skill level 4 in Axes
  1064 | Sewer    | Reached XP level 5. HP: 41/47 MP: 5/5
  1105 | Sewer    | Reached ** piety under Lugonu
  1234 | D:4      | Noticed an ogre
  1287 | D:3      | Reached XP level 6. HP: 8/53 MP: 7/7
  1334 | D:3      | tedious
  1563 | D:3      | Found a runed door.
  1567 | D:3      | Noticed Crazy Yiuf
  1572 | D:3      | Killed Crazy Yiuf
  1572 | D:3      | Reached skill level 5 in Axes
  1655 | D:3      | Noticed Terence
  1659 | D:3      | Killed Terence
  1832 | D:5      | Entered Level 5 of the Dungeon
  1962 | D:4      | Reached skill level 5 in Fighting
  2107 | D:4      | Found Tomurghe's Magic Scroll Shop.
  2110 | D:4      | Bought a scroll of magic mapping for 38 gold pieces
  2110 | D:4      | Bought a scroll of blinking for 82 gold pieces
  2110 | D:4      | Bought a scroll of identify for 22 gold pieces
  2122 | D:4      | Noticed Grinder
  2127 | D:4      | Banished Grinder
  2127 | D:4      | Reached skill level 6 in Axes
  2127 | D:4      | Reached XP level 7. HP: 51/61 MP: 8/8
  2162 | D:4      | Found a bloodstained altar of Trog.
  2374 | D:5      | Found a large runed door.
  2374 | D:5      | Found a large runed door.
  2382 | D:5      | Reached *** piety under Lugonu
  2452 | D:5      | Learned a level 2 spell: Swiftness
  2581 | D:5      | Reached skill level 5 in Armour
  2586 | D:5      | Found a large runed door.
  2586 | D:5      | Found a large runed door.
  2672 | D:5      | Noticed a hornet
  2678 | D:5      | Banished a hornet
  2678 | D:5      | Reached skill level 7 in Axes
  2678 | D:5      | Reached XP level 8. HP: 38/70 MP: 10/10
  2779 | D:5      | Found an iron altar of Okawaru.
  2811 | D:5      | Found a basalt altar of Yredelemnul.
  2874 | D:4      | Noticed zero's ghost (amateur GrBe)
  2875 | D:4      | Banished zero's ghost
  2980 | D:6      | Reached skill level 8 in Axes
  3003 | D:6      | Found a shimmering altar of Xom.
  3051 | D:6      | Reached skill level 5 in Dodging
  3080 | D:6      | Got a faintly humming leather armour
  3091 | D:6      | Identified the +2 leather armour "Babrakh" {*Drain rN++} (You found it on level 6 of the Dungeon)
  3284 | D:6      | Noticed a hippogriff
  3298 | D:6      | Banished a hippogriff
  3298 | D:6      | Reached XP level 9. HP: 55/78 MP: 11/11
  3336 | D:6      | Reached skill level 5 in Invocations
  3417 | D:7      | Found a blossoming altar of Fedhas.
  3417 | D:7      | Found a sparkling altar of Nemelex Xobeh.
  3419 | D:7      | Found a glowing silver altar of Zin.
  3419 | D:7      | Found a shattered altar of Ashenzari.
  3472 | D:7      | Reached skill level 9 in Axes
  3712 | D:7      | Found Ruarr's Weapon Boutique.
  3780 | D:7      | Reached skill level 10 in Axes
  3781 | D:7      | Reached **** piety under Lugonu
  3856 | D:7      | Got a pair of transparent boots
  3862 | D:7      | Identified the +2 pair of boots "Cyschek" {+Fly Str-2 Dex+6} (You found it on level 7 of the Dungeon)
  3862 | D:7      | :)
  4143 | D:8      | Noticed a death yak
  4144 | D:8      | Noticed a death yak
  4144 | D:8      | Noticed a death yak
  4167 | D:7      | Gained mutation: You have supernaturally acute eyesight. (SInv) [mutagenic meat]
  4170 | D:7      | Gained mutation: You expend magic power (3 MP) to strengthen your wands. [mutagenic meat]
  4171 | D:7      | Gained mutation: You have an increased reservoir of magic. (+10% MP) [mutagenic meat]
  4278 | D:8      | Noticed a two-headed ogre
  4278 | D:8      | Banished a two-headed ogre
  4278 | D:8      | Reached XP level 10. HP: 88/88 MP: 15/15
  4292 | D:8      | Noticed a manticore
  4298 | D:8      | Banished a manticore
  4637 | D:10     | Entered Level 10 of the Dungeon
  4741 | D:9      | Noticed nht's ghost (journeyman TrFi)
  4746 | D:9      | Banished nht's ghost
  4789 | D:9      | Noticed Psyche
  4871 | D:10     | Reached skill level 11 in Axes
  5032 | D:11     | Noticed a purple ugly thing
  5042 | D:11     | Killed a purple ugly thing
  5045 | D:11     | Gained mutation: You have a pair of large horns on your head. [mutagenic meat]
  5046 | D:11     | Gained mutation: Your natural rate of healing is unusually fast. [mutagenic meat]
  5047 | D:11     | Lost mutation: You have an increased reservoir of magic. (+10% MP) [mutagenic meat]
  5207 | D:11     | Found a runed door.
  5207 | D:11     | Noticed a yaktaur captain
  5207 | D:11     | Noticed an ettin
  5207 | D:11     | Noticed a fire dragon
  5209 | D:11     | Noticed a frost giant
  5209 | D:11     | Noticed a fire giant
  5209 | D:11     | Noticed an ettin
  5209 | D:11     | Noticed a deep troll
  5209 | D:11     | Noticed an ettin
  5363 | D:11     | Noticed a white ugly thing
  5371 | D:11     | Banished a white ugly thing
  5430 | D:11     | Noticed a seven-headed hydra
  5457 | D:11     | Reached XP level 11. HP: 97/97 MP: 15/15
  5475 | D:11     | Reached skill level 12 in Axes
  5500 | D:11     | Noticed Nergalle
  5526 | D:11     | Killed Nergalle
  5530 | D:11     | Noticed a two-headed ogre
  5544 | D:11     | Killed a two-headed ogre
  5806 | D:11     | Noticed a white ugly thing
  5821 | D:11     | Killed a white ugly thing
  5882 | D:12     | Noticed an unseen horror
  5890 | D:12     | Killed an unseen horror
  5902 | D:12     | Found Giseag's Gadget Shoppe.
  5936 | D:12     | Noticed a cyan ugly thing
  5942 | D:12     | Banished a cyan ugly thing
  5942 | D:12     | Reached skill level 13 in Axes
  5998 | D:12     | Reached skill level 10 in Fighting
  6154 | D:12     | Noticed a two-headed ogre
  6163 | D:12     | Killed a two-headed ogre
  6257 | D:12     | Reached XP level 12. HP: 104/106 MP: 17/17
  6307 | D:12     | Noticed a seven-headed hydra
  6316 | D:12     | Reached skill level 10 in Armour
  6319 | D:12     | Banished a seven-headed hydra
  6562 | D:13     | Noticed Frances
  6563 | D:13     | Corrupted D:13
  6563 | D:13     | Noticed an eidolon
  6563 | D:13     | Noticed a lich
  6563 | D:13     | Noticed a rakshasa
  6563 | D:13     | Noticed a starcursed mass
  6567 | D:13     | Killed Frances
  6568 | D:13     | Noticed a cacodemon
  6588 | D:13     | Found a roughly hewn altar of Beogh.
  6801 | D:13     | Reached skill level 14 in Axes
  6817 | D:13     | Got a pair of scorched gloves
  6828 | D:13     | Identified the +2 pair of gloves of the Blind Marksman {rC+ Str+5} (You found it on level 13 of the Dungeon)
  6927 | D:14     | Found Dicaukaz's Armour Shop.
  6958 | D:14     | Noticed a centaur warrior
  6965 | D:14     | Killed a centaur warrior
  6990 | D:14     | Found a glowing silver altar of Zin.
  7043 | D:14     | Noticed a centaur warrior
  7058 | D:14     | Killed a centaur warrior
  7204 | D:14     | Found a gate to the Vaults.
  7208 | D:14     | Reached skill level 10 in Dodging
  7349 | D:15     | Entered Level 15 of the Dungeon
  7359 | D:15     | Noticed a two-headed ogre
  7366 | D:15     | Killed a two-headed ogre
  7381 | D:15     | Reached skill level 15 in Axes
  7384 | D:15     | Found Erytrean's Armour Emporium.
  7409 | D:15     | Noticed Sonja
  7411 | D:15     | Noticed Sonja
  7411 | D:15     | Sonja changed into Sonja the troll
  7414 | D:15     | Killed Sonja the troll
  7468 | D:15     | Reached XP level 13. HP: 116/116 MP: 19/19
  7626 | D:15     | Gained mutation: You are clumsy. (Dex -2) [mutagenic meat]
  7657 | D:15     | Found Atioruirey's Food Shop.
  8289 | D:11     | Noticed Josephine
  8299 | D:11     | Killed Josephine
  8771 | D:10     | Found a staircase to the Orcish Mines.
  8780 | Orc:1    | Entered Level 1 of the Orcish Mines
  8791 | Orc:1    | Reached ***** piety under Lugonu
  9035 | Orc:1    | Reached skill level 10 in Invocations
  9038 | Orc:1    | Got a heavily runed hat
  9053 | Orc:1    | Learned a level 2 spell: Blink
  9070 | Orc:2    | Entered Level 2 of the Orcish Mines
  9147 | Orc:1    | Reached skill level 16 in Axes
  9400 | Orc:2    | Found Suriun's Jewellery Emporium.
  9465 | Orc:2    | Found a staircase to the Elven Halls.
  9492 | Orc:2    | Noticed an orc warlord
  9525 | Orc:2    | Killed an orc warlord
  9602 | Orc:2    | Noticed a stone giant
  9625 | Orc:2    | Killed a stone giant
  9692 | Orc:2    | Found Owomp's Magic Scroll Shoppe.
  9762 | Orc:2    | Found Huliu's Magic Scroll Emporium.
  9770 | Orc:2    | Reached ****** piety under Lugonu
  9909 | Orc:2    | Reached XP level 14. HP: 127/127 MP: 20/20
  9986 | Orc:2    | Reached skill level 17 in Axes
 10048 | Orc:2    | Paralysed by an orc sorcerer for 4 turns
 10057 | Orc:2    | Paralysed by an orc sorcerer for 2 turns
 10063 | Orc:2    | Found Toathaix's Book Boutique.
 10063 | Orc:2    | Found Feleoh's Antique Armour Shop.
 10067 | Orc:2    | Found a one-way gate leading to the halls of Pandemonium.
 10122 | Orc:2    | Bought a scroll of teleportation for 48 gold pieces
 10122 | Orc:2    | Bought a scroll of magic mapping for 56 gold pieces
 10122 | Orc:2    | Bought a scroll of teleportation for 48 gold pieces
 10155 | Elf:1    | Entered Level 1 of the Elven Halls
 10466 | Elf:2    | Noticed a deep elf sorcerer
 10473 | Elf:1    | Killed a deep elf sorcerer
 10547 | Elf:2    | Lost mutation: Your natural rate of healing is unusually fast. [potion of mutation]
 10547 | Elf:2    | Lost mutation: You are clumsy. (Dex -2) [potion of mutation]
 10547 | Elf:2    | Lost mutation: You have supernaturally acute eyesight. (SInv) [potion of mutation]
 10547 | Elf:2    | Gained mutation: You passively map a small area around you. [potion of mutation]
 10548 | Elf:2    | Lost mutation: You expend magic power (3 MP) to strengthen your wands. [potion of mutation]
 10548 | Elf:2    | Lost mutation: You have a pair of large horns on your head. [potion of mutation]
 10548 | Elf:2    | Gained mutation: You are clumsy. (Dex -2) [potion of mutation]
 10548 | Elf:2    | Gained mutation: You are partially covered in icy blue scales. (AC +2) [potion of mutation]
 10587 | Elf:2    | Identified the +1 hat of Lehiokef {+Inv Str+4} (You found it on level 1 of the Orcish Mines)
 10688 | Elf:1    | Reached skill level 18 in Axes
 10806 | Elf:1    | Found a shimmering altar of Xom.
 10954 | Elf:1    | Escaped the Abyss
 11111 | D:7      | Bought the +8 battleaxe "Amit" {drain, rF+ Str+3} for 1152 gold pieces
 11149 | D:8      | Noticed Joseph
 11159 | D:8      | Killed Joseph
 11166 | D:8      | Noticed DEFE's ghost (novice DESk)
 11170 | D:8      | Killed DEFE's ghost
 11235 | D:8      | Found a staircase to the Lair.
 11282 | Lair:1   | Entered Level 1 of the Lair of Beasts
 11291 | Lair:1   | Found a labyrinth entrance.
 11326 | Lab      | Entered a labyrinth
 11404 | Lab      | Rhok: naice ax
 11406 | Lab      | ReniFell: SO fast
 11415 | Lab      | Got a bone dire flail {venom}
 11421 | Lab      | Identified the Catalogue of the Mountains
 11422 | Lab      | Found the +3 robe of Clouds {+Fly rElec}
 11429 | Lab      | Learned a level 6 spell: Statue Form
 11429 | Lab      | Rhok: multitraining ! D:
 11429 | Lab      | Rhok: :)
 11437 | Lab      | Learned a level 2 spell: Passwall
 11491 | Lair:1   | Reached XP level 15. HP: 134/137 MP: 22/22
 11640 | Lair:1   | Reached skill level 1 in Transmutations
 11643 | Lair:1   | Reached skill level 1 in Earth Magic
 11747 | Lair:1   | Identified the +1 pair of boots of Makhleb's Envy {rF+ rN+ Stlth-} (You found it on level 1 of the Lair of Beasts)
 12009 | Lair:3   | Found a staircase to the Snake Pit.
 12014 | Lair:3   | Noticed Snorg
 12022 | Lair:3   | Killed Snorg
 12025 | Lair:3   | Reached skill level 1 in Spellcasting
 12061 | Lair:3   | Noticed Gastronok
 12074 | Lair:3   | Killed Gastronok
 12094 | Lair:3   | Learned a level 4 spell: Passage of Golubria
 12105 | Lair:3   | 4thArraOfDagon: missclick
 12225 | Lair:3   | Noticed Rupert
 12234 | Lair:3   | Killed Rupert
 12585 | Lair:6   | Entered Level 6 of the Lair of Beasts
 12618 | Lair:6   | Found a viscous altar of Jiyva.
 12623 | Lair:6   | Found a staircase to the Slime Pits.
 12676 | Lair:6   | Reached skill level 19 in Axes
 12706 | Lair:6   | Identified the cursed +0 leather armour of Freedom {rN++ SInv} (You found it on level 6 of the Lair of Beasts)
 13080 | Lair:6   | Reached skill level 5 in Transmutations
 13241 | Lair:4   | Identified Fifijero's Handbook of the Noxious Traveller
 13244 | Lair:4   | Learned a level 1 spell: Apportation
 13433 | Lair:2   | Reached skill level 5 in Earth Magic
 13437 | Lair:2   | Reached XP level 16. HP: 141/146 MP: 23/23
 14004 | Elf:3    | Entered Level 3 of the Elven Halls
 14192 | Elf:3    | Gained mutation: You are surrounded by a mild repulsion field. (EV +2) [mutagenic meat]
 14193 | Elf:3    | Gained mutation: Your flesh is heat resistant. (rF+) [mutagenic meat]
 14194 | Elf:3    | Gained mutation: You have sharp fingernails. [mutagenic meat]
 14213 | Elf:3    | Noticed WereVolvo's ghost (veteran GnSk)
 14282 | Elf:3    | Killed WereVolvo's ghost
 14845 | Elf:3    | Noticed Bai Suzhen
 14847 | Elf:3    | :O
 14900 | Elf:3    | Xiguana: bai suzhen party
 14992 | Elf:3    | Reached skill level 20 in Axes
 15239 | Elf:3    | Noticed a deep elf blademaster
 15306 | Elf:3    | Noticed an Executioner
 15326 | Elf:3    | Got a twitching ivory ring
 15345 | Elf:3    | Killed a deep elf blademaster
 15384 | Elf:3    | Identified the ring "Maodweim" {rElec rPois rF+ Int+4} (You took it off a deep elf death mage on level 3 of the Elven Halls)
 15391 | Elf:3    | Learned a level 5 spell: Lee's Rapid Deconstruction
 15454 | Elf:3    | Noticed a deep elf master archer
 15461 | Elf:3    | Reached XP level 17. HP: 152/152 MP: 24/24
 15467 | Elf:3    | Killed a deep elf master archer
 15570 | Elf:3    | Noticed a deep elf master archer
 15574 | Elf:3    | Noticed a deep elf blademaster
 15741 | Elf:3    | Killed Bai Suzhen
 15800 | Elf:3    | Killed a deep elf master archer
 15837 | Elf:3    | Killed a deep elf blademaster
 15840 | Elf:3    | Got a warped leather armour
 15880 | Elf:3    | Identified the +0 leather armour of Noeckax {rC+ Int+5} (You took it off a deep elf blademaster on level 3 of the Elven Halls)
 15906 | Elf:3    | Got a crude marble ring
 15908 | Elf:3    | Identified the ring "Mitt" {+Fly Dex+4 Stlth+} (You found it on level 3 of the Elven Halls)
 16240 | D:11     | Reached skill level 5 in Spellcasting
 16425 | Snake:1  | Entered Level 1 of the Snake Pit
 16546 | Snake:3  | Found a shattered altar of Ashenzari.
 16546 | Snake:3  | Noticed Saint Roka
 16716 | Snake:2  | Noticed Vashnia
 16767 | Snake:2  | Killed Vashnia
 17634 | Snake:3  | Noticed Aizul
 17649 | Snake:3  | Killed Aizul
 17649 | Snake:3  | Reached skill level 10 in Transmutations
 17687 | Snake:3  | Reached skill level 10 in Earth Magic
 17746 | Snake:3  | Killed Saint Roka
 17746 | Snake:3  | Reached XP level 18. HP: 140/160 MP: 20/26
 18004 | Snake:4  | Entered Level 4 of the Snake Pit
 18325 | Snake:4  | Noticed Edirash's ghost (adept MiFi)
 18943 | Snake:4  | Corrupted Snake:4
 18949 | Snake:4  | Noticed a bone dragon
 18970 | Snake:4  | Killed Edirash's ghost
 19113 | Snake:4  | Reached XP level 19. HP: 167/167 MP: 28/28
 19160 | Snake:4  | Got a serpentine rune of Zot
 19604 | Lair:4   | FUCK
 19604 | Lair:4   | 4thArraOfDagon: wasted
 19623 | Lair:4   | Found a staircase to the Shoals.
 19634 | Shoals:1 | Entered Level 1 of the Shoals
 19726 | Shoals:1 | Reached skill level 1 in Translocations
 20758 | Shoals:3 | Noticed Kirke
 20769 | Shoals:3 | Killed Kirke
 20832 | Shoals:4 | Entered Level 4 of the Shoals
 20913 | Shoals:4 | Reached skill level 5 in Translocations
 21087 | Shoals:4 | Got a transparent chain mail
 21151 | Shoals:4 | Noticed Polyphemus
 21168 | Shoals:4 | Killed Polyphemus
 21309 | Shoals:4 | Noticed Ilsuiw
 21328 | Shoals:4 | Killed Ilsuiw
 21454 | Shoals:4 | Reached skill level 15 in Fighting
 21521 | Shoals:4 | Got a barnacled rune of Zot
 21698 | Lair:4   | :(
 22042 | D:15     | Found a staircase to the Depths.
 22055 | Depths:1 | Entered Level 1 of the Depths
 22072 | Depths:1 | Reached XP level 20. HP: 148/178 MP: 31/31
 22142 | Depths:1 | Noticed haldagan's ghost (adept DETm)
 22206 | Depths:1 | Killed haldagan's ghost
 22207 | Depths:1 | RUP
 22318 | Depths:1 | Identified the Reference Book on Fetching Protection
 22364 | Depths:1 | Identified the +1 chain mail of Music {rElec} (You found it on level 4 of the Shoals)
 22499 | Depths:1 | Identified the Disquisition on Ashen Creation
 22587 | Depths:1 | Identified the Catalogue of Malediction and Moulding
 22898 | Depths:1 | Reached skill level 15 in Dodging
 22980 | Depths:1 | Got a faintly glowing lead ring
 22983 | Depths:1 | Identified the ring "Pimp" {rCorr Str+4} (You found it on level 1 of the Depths)
 23373 | Slime:1  | Entered Level 1 of the Pits of Slime
 23494 | Slime:3  | Gained mutation: You are occasionally teleported next to monsters. [a shining eye]
 23585 | Slime:1  | Lost mutation: You are clumsy. (Dex -2) [potion of mutation]
 23585 | Slime:1  | Lost mutation: You passively map a small area around you. [potion of mutation]
 23585 | Slime:1  | Lost mutation: Your flesh is heat resistant. (rF+) [potion of mutation]
 23585 | Slime:1  | Gained mutation: You have large cloven feet. [potion of mutation]
 23585 | Slime:1  | Gained mutation: You are mostly covered in icy blue scales. (AC +3) [potion of mutation]
 23585 | Slime:1  | Gained mutation: Your spells are a little harder to cast, but a little more powerful. [potion of mutation]
 23585 | Slime:1  | Gained mutation: You possess an exceptional clarity of mind. [potion of mutation]
 23645 | Slime:5  | Entered Level 5 of the Pits of Slime
 23671 | Slime:5  | Noticed the Royal Jelly
 23728 | Slime:5  | Reached XP level 21. HP: 61/194 MP: 4/32
 23951 | Slime:5  | Found a viscous altar of Jiyva.
 23952 | Slime:5  | Found the +8 frozen axe "Frostbite" {freezing cloud, *Noise +Fly rC+}
 24066 | Slime:5  | Killed the Royal Jelly
 24137 | Slime:5  | Got a bound marble ring
 24171 | Slime:5  | Got a slimy rune of Zot
 24211 | Slime:5  | Got a flickering gossamer ring
 24219 | Slime:5  | Identified the ring of Temptation {*Slow rElec Str+5 Dex+2} (You found it on level 5 of the Pits of Slime)
 24221 | Slime:5  | Identified the ring "Othaorch" {rElec Str+4 Int+5 Dex-2} (You found it on level 5 of the Pits of Slime)
 24576 | Vaults:1 | Entered Level 1 of the Vaults
 24586 | Vaults:1 | Lost mutation: You possess an exceptional clarity of mind. [potion of mutation]
 24586 | Vaults:1 | Lost mutation: Your spells are a little harder to cast, but a little more powerful. [potion of mutation]
 24586 | Vaults:1 | Lost mutation: You have sharp fingernails. [potion of mutation]
 24586 | Vaults:1 | Gained mutation: You can translocate small distances at will. [potion of mutation]
 24586 | Vaults:1 | Gained mutation: You have sharp fingernails. [potion of mutation]
 24587 | Vaults:1 | :(
 24871 | Vaults:1 | Gained mutation: You are agile. (Dex +2) [mutagenic meat]
 24872 | Vaults:1 | Gained mutation: Your flesh is heat resistant. (rF+) [mutagenic meat]
 24873 | Vaults:1 | Gained mutation: Your body sometimes deteriorates upon taking damage. [mutagenic meat]
 24877 | Vaults:1 | Lost mutation: You have sharp fingernails. [mutagenic meat]
 24878 | Vaults:1 | Lost mutation: Your body sometimes deteriorates upon taking damage. [mutagenic meat]
 24879 | Vaults:1 | Lost mutation: You are agile. (Dex +2) [mutagenic meat]
 24880 | Vaults:1 | Gained mutation: You are somewhat resistant to further mutation. [mutagenic meat]
 25181 | Vaults:3 | Reached XP level 22. HP: 205/205 MP: 33/33
 25182 | Vaults:3 | Reached skill level 21 in Axes
 25545 | Vaults:3 | Noticed Boris
 25558 | Vaults:3 | Killed Boris
 25671 | Vaults:4 | Noticed Mennas
 25694 | Vaults:4 | Killed Mennas
 25694 | Vaults:4 | Reached skill level 22 in Axes
 25948 | Vaults:4 | Reached skill level 23 in Axes
 26047 | Vaults:5 | Entered Level 5 of the Vaults
 26049 | Vaults:5 | Noticed a golden dragon
 26106 | Vaults:5 | Noticed a golden dragon
 26107 | Vaults:5 | Noticed an ancient lich
 26122 | Vaults:5 | Reached skill level 24 in Axes
 26159 | Abyss:1  | Found a corrupted altar of Lugonu.
 26196 | Abyss:1  | Killed Grinder
 26197 | Abyss:1  | DUIE
 26288 | Abyss:1  | Gained mutation: Your spells are a little easier to cast, but a little less powerful. [a neqoxec]
 26378 | Abyss:1  | Reached XP level 23. HP: 213/213 MP: 34/34
 26396 | Abyss:2  | Found a corrupted altar of Lugonu.
 26536 | Abyss:2  | Found a shattered altar of Ashenzari.
 26600 | Vaults:5 | Escaped the Abyss
 26630 | Vaults:5 | Reached skill level 25 in Axes
 26937 | Vaults:5 | Killed an ancient lich
 26937 | Vaults:5 | Reached skill level 26 in Axes
 27132 | Vaults:5 | Learned a level 3 spell: Regeneration
 27135 | Vaults:5 | Learned a level 2 spell: Song of Slaying
 27139 | Vaults:5 | Learned a level 3 spell: Spectral Weapon
 27173 | Vaults:5 | Reached skill level 1 in Charms
 27173 | Vaults:5 | Reached skill level 1 in Necromancy
 27208 | Vaults:5 | Found the +3 sling "Punk" {acid, rCorr}
 27214 | Vaults:5 | Got a silver rune of Zot
 27326 | Vaults:5 | Identified the +4 plate armour "Noich" {+Fly rElec rCorr} (You found it on level 5 of the Vaults)
 27868 | Depths:2 | Reached XP level 24. HP: 222/222 MP: 30/34
 27901 | Depths:2 | Found a gateway to Hell.
 28064 | Depths:2 | Noticed arkorax's ghost (journeyman MiBe)
 28070 | Depths:2 | Killed arkorax's ghost
 28141 | Depths:2 | Reached skill level 15 in Invocations
 28306 | Depths:2 | Identified the +2 robe "Gerigousho" {-Tele rC++ Regen+ Int+3} (You found it on level 2 of the Depths)
 28343 | Depths:3 | Identified the +2 plate armour of the Enchanted Forest {rN+ MP+9} (You found it on level 3 of the Depths)
 28362 | Depths:3 | Found a gateway to a ziggurat.
 28408 | Depths:4 | Found a one-way gate to the infinite horrors of the Abyss.
 28498 | Depths:4 | Reached skill level 5 in Necromancy
 28559 | Depths:4 | Found a gateway to a bazaar.
 28584 | Bazaar   | Entered a bazaar
 28592 | Bazaar   | Found Xint's Book Shop.
 28607 | Bazaar   | Found Tucweocwac's Jewellery Shop.
 28806 | Depths:5 | Entered Level 5 of the Depths
 28891 | Depths:5 | Noticed a juggernaut
 28902 | Depths:5 | Killed a juggernaut
 28902 | Depths:5 | Reached skill level 5 in Charms
 29004 | Depths:5 | Found a corrupted altar of Lugonu.
 29432 | Depths:3 | Reached XP level 25. HP: 209/231 MP: 28/34
 29551 | Depths:3 | Escaped the Abyss
 29676 | Depths:3 | Identified the cursed +1 leather armour "Soots" {rC+} (You found it on level 3 of the Depths)
 29684 | Depths:3 | Learned a level 6 spell: Deflect Missiles
 29961 | Zig:1    | Entered Level 1 of a ziggurat
 29977 | Zig:2    | Entered Level 2 of a ziggurat
 30000 | Zig:3    | Entered Level 3 of a ziggurat
 30025 | Zig:4    | Entered Level 4 of a ziggurat
 30052 | Zig:5    | Entered Level 5 of a ziggurat
 30084 | Zig:6    | Entered Level 6 of a ziggurat
 30139 | Zig:7    | Entered Level 7 of a ziggurat
 30189 | Zig:7    | Identified the Catalogue of Congealing Stones
 30202 | Zig:8    | Entered Level 8 of a ziggurat
 30272 | Zig:8    | Identified the Disquisition on Captivating Illusion
 30276 | Zig:9    | Entered Level 9 of a ziggurat
 30292 | Zig:9    | Noticed a greater mummy
 30299 | Zig:9    | Killed a greater mummy
 30371 | Zig:10   | Entered Level 10 of a ziggurat
 30433 | Zig:10   | Identified the +10 crystal plate armour "Zequd" {rPois rC++ MR- Int+4} (You found it on level 10 of a ziggurat)
 30441 | Zig:11   | Entered Level 11 of a ziggurat
 30514 | Zig:11   | Identified the Guide on Transmutation
 30517 | Zig:11   | Rhok: Oo
 30557 | Zig:12   | Entered Level 12 of a ziggurat
 30566 | Zig:12   | Noticed a juggernaut
 30592 | Zig:12   | Killed a juggernaut
 30598 | Zig:12   | Noticed a juggernaut
 30604 | Zig:12   | Rhok: uff
 30606 | Zig:12   | Rhok: that zerk jug tho
 31043 | Zig:12   | Escaped the Abyss
 31049 | Zig:12   | Killed a juggernaut
 31086 | Zig:12   | Found the +9 staff of Olgreb {rPois}
 31095 | Zig:12   | Identified the ring "Qies" {Fire Int+4} (You found it on level 12 of a ziggurat)
 31096 | Zig:12   | Got a coiled copper ring
 31098 | Zig:12   | Identified the ring "Kuweodin" {rElec MR+ Slay-2 Stlth+} (You found it on level 12 of a ziggurat)
 31142 | Zig:13   | Entered Level 13 of a ziggurat
 31168 | Zig:13   | Reached XP level 26. HP: 242/242 MP: 0/35
 31214 | Zig:13   | Found the +5 demon whip "Spellbinder" {antimagic, MR+}
 31223 | Zig:13   | Reached XP level 27. HP: 103/250 MP: 8/35
 31233 | Zig:13   | Learned a level 8 spell: Controlled Blink
 31297 | Zig:13   | vatarom: ??spellbinder
 31300 | Zig:13   | beem: spellbinder[1/4]: the +5 demon whip "Spellbinder" {antimagic, MR+}; causes random miscast effects on antimagic-susceptible targets.
 31300 | Zig:13   | vatarom: ??spellbinder[2
 31300 | Zig:13   | beem: spellbinder[2/4]: !lg minmay 2940 -tv:T116100
 31306 | Zig:14   | Entered Level 14 of a ziggurat
 31345 | Zig:14   | Noticed an ancient lich
 31354 | Zig:14   | Killed an ancient lich
 31365 | Zig:14   | Reached skill level 10 in Spellcasting
 31417 | Zig:14   | Identified the cursed -1 pair of gloves of the Komtur {-Cast rF+ rN++ Dex+3} (You found it on level 14 of a ziggurat)
 31432 | Zig:14   | Got a steaming scarf
 31443 | Zig:14   | Identified the scarf "Fim Sue" {rPois MR+++ MP-9 Stlth-} (You found it on level 14 of a ziggurat)
 31459 | Zig:15   | Entered Level 15 of a ziggurat
 31540 | Zig:15   | Got a slimy platinum ring
 31542 | Zig:15   | Identified the ring "Pise" {rPois rF+ rN+} (You found it on level 15 of a ziggurat)
 31548 | Zig:15   | 4thArraOfDagon: finally
 31549 | Zig:15   | Identified Kourph's Almanac of Damaging Protection
 31550 | Zig:15   | 4thArraOfDagon: rn ring!
 31550 | Zig:15   | vatarom: lol
 31553 | Zig:16   | Entered Level 16 of a ziggurat
 31591 | Zig:16   | Noticed an ancient lich
 31604 | Zig:16   | Noticed an ancient lich
 31606 | Zig:16   | Killed an ancient lich
 31608 | Zig:16   | Killed an ancient lich
 31610 | Zig:16   | Noticed an ancient lich
 31617 | Zig:16   | Killed an ancient lich
 31708 | Abyss:1  | Reached skill level 10 in Translocations
 31799 | Abyss:1  | Found a corrupted altar of Lugonu.
 31953 | Zig:16   | Escaped the Abyss
 31994 | Zig:16   | Identified the ring "Gotaezap" {SInv Stlth-} (You found it on level 16 of a ziggurat)
 31997 | Zig:16   | Got a brightly glowing amber ring
 32003 | Zig:16   | Identified the ring of Xaruhopt {rElec rN++ MP+9} (You found it on level 16 of a ziggurat)
 32004 | Zig:16   | 4thArraOfDagon: completed!
 32036 | Zig:17   | Entered Level 17 of a ziggurat
 32141 | Zig:17   | Got a vibrating bronze ring
 32143 | Zig:17   | Identified the ring "Soebroud" {*Tele rElec} (You found it on level 17 of a ziggurat)
 32153 | Zig:17   | Identified the Disquisition on Companions and Flight
 32177 | Zig:17   | 4thArraOfDagon: lasyt
 32183 | Zig:18   | Entered Level 18 of a ziggurat
 32218 | Zig:18   | Corrupted Zig:18
 32358 | Pan      | Entered Pandemonium
 32574 | Pan      | Noticed Otsets the pandemonium lord
 32657 | Pan      | Entered the realm of Mnoleg.
 32663 | Pan      | Lost mutation: You have large cloven feet. [a cacodemon]
 32844 | Pan      | Gained mutation: You are frail. (-10% HP) [a neqoxec]
 32846 | Pan      | :(
 32846 | Pan      | 4thArraOfDagon: :(
 32894 | Pan      | Gained mutation: You expend magic power (3 MP) to strengthen your wands. [mutagenic meat]
 32895 | Pan      | Gained mutation: Your muscles are strong. (Str +2) [mutagenic meat]
 32897 | Pan      | Gained mutation: You occasionally shout uncontrollably at your foes. [mutagenic meat]
 32916 | Pan      | Lost mutation: You expend magic power (3 MP) to strengthen your wands. [mutagenic meat]
 33032 | Pan      | Noticed Mnoleg
 33044 | Pan      | Gained mutation: Your body sometimes deteriorates upon taking damage. [Mnoleg's mutagenic touch]
 33064 | Pan      | Killed Mnoleg
 33164 | Pan      | Got a glowing rune of Zot
 33271 | Pan      | Identified a scroll of acquirement
 33357 | Pan      | Noticed Ucusalue the pandemonium lord
 33372 | Pan      | Killed Ucusalue the pandemonium lord
 33669 | Pan      | Corrupted Pan
 33694 | Pan      | Killed Geor the pandemonium lord
 33752 | Pan      | Got a demonic rune of Zot
 33758 | Pan      | Entered the realm of Cerebov.
 33999 | Pan      | Identified the ring "Nerphirok" {Int+3 Dex+2} (You took it off a red devil in Pandemonium)
 34022 | Pan      | Identified the Tome of the Damaging Rocks
 34125 | Pan      | Identified the Almanac of the Fetching Frostbite
 34131 | Pan      | Learned a level 3 spell: Lesser Beckoning
 34141 | Pan      | Noticed Cerebov
 34149 | Pan      | Corrupted Pan
 34163 | Pan      | Killed Cerebov
 34166 | Pan      | Identified the ring "Hoguuh" {*Tele MR- Str+6 Int-2} (You took it off Cerebov in Pandemonium)
 34179 | Pan      | Got a fiery rune of Zot
 34296 | Pan      | Reached skill level 15 in Translocations
 34457 | Pan      | Entered the realm of Lom Lobon.
 34577 | Pan      | Noticed Lom Lobon
 34578 | Pan      | Corrupted Pan
 34693 | Abyss:1  | Found a corrupted altar of Lugonu.
 34703 | Abyss:1  | Identified the +0 robe of Pubeagh {+Inv Stlth+} (You found it on level 1 of the Abyss)
 35036 | Pan      | Escaped the Abyss
 35048 | Pan      | Got a magical rune of Zot
 35267 | Pan      | Noticed Utiuc the pandemonium lord
 35391 | Pan      | Gained mutation: You sometimes yell uncontrollably at your foes. [a cacodemon]
 35422 | Pan      | Entered the realm of Gloorx Vloq.
 35506 | Pan      | Noticed Lom Lobon
 35748 | Pan      | Noticed Gloorx Vloq
 35775 | Pan      | Killed Gloorx Vloq
 35813 | Pan      | Got a dark rune of Zot
 35895 | Pan      | Noticed Wixzog the pandemonium lord
 35975 | Pan      | Found an exit through the horrors of the Abyss.
 35984 | Pan      | Took an exit into the Abyss.
 35984 | Abyss:1  | Escaped into the Abyss
 36310 | Abyss:2  | Found a shimmering altar of Xom.
 36310 | Abyss:2  | Found a bloodstained altar of Trog.
 36310 | Abyss:2  | Found a hide-covered altar of Uskayaw.
 36310 | Abyss:2  | Found a burning altar of Makhleb.
 36310 | Abyss:2  | Found a snail-covered altar of Cheibriados.
 36310 | Abyss:2  | Found a glowing silver altar of Zin.
 36310 | Abyss:2  | Found a radiant altar of Vehumet.
 36310 | Abyss:2  | Found an opulent altar of Gozag.
 36310 | Abyss:2  | Found a glowing golden altar of the Shining One.
 36310 | Abyss:2  | Found a basalt altar of Yredelemnul.
 36330 | Abyss:2  | Paralysed by accursed screaming for 1 turns
 36379 | Abyss:3  | Got an abyssal rune of Zot
 36388 | Depths:3 | Escaped the Abyss
 36735 | Vaults:3 | Found a staircase to the Crypt.
 36735 | Vaults:3 | Found an ancient bone altar of Kikubaaqudgha.
 36736 | Vaults:3 | Found a basalt altar of Yredelemnul.
 36742 | Crypt:1  | Entered Level 1 of the Crypt
 37479 | Crypt:3  | Entered Level 3 of the Crypt
 37575 | Crypt:3  | Lost mutation: Your flesh is heat resistant. (rF+) [potion of mutation]
 37575 | Crypt:3  | Lost mutation: You are somewhat resistant to further mutation. [potion of mutation]
 37575 | Crypt:3  | Lost mutation: You are occasionally teleported next to monsters. [potion of mutation]
 37575 | Crypt:3  | Lost mutation: Your muscles are strong. (Str +2) [potion of mutation]
 37575 | Crypt:3  | Gained mutation: You possess an exceptional clarity of mind. [potion of mutation]
 37843 | Crypt:3  | Found an ancient bone altar of Kikubaaqudgha.
 37845 | Crypt:3  | Noticed an ancient lich
 37852 | Crypt:3  | Killed an ancient lich
 37866 | Crypt:3  | Identified the ring "Sairph" {*Corrode +Blink rElec rPois AC+3} (You found it on level 3 of the Crypt)
 37870 | Crypt:3  | Noticed an ancient lich
 37875 | Crypt:3  | Killed an ancient lich
 38042 | Crypt:3  | Found a staircase to the Tomb.
 38135 | Crypt:3  | Identified the Grimoire of Unholy Rites
 38142 | Tomb:1   | Entered Level 1 of the Tomb of the Ancients
 38282 | Tomb:1   | Reached skill level 15 in Spellcasting
 38319 | Tomb:1   | Noticed a greater mummy
 38329 | Tomb:1   | Killed a greater mummy
 38467 | Tomb:1   | Noticed a greater mummy
 38474 | Tomb:1   | Killed a greater mummy
 38507 | Tomb:2   | Noticed a greater mummy
 38507 | Tomb:2   | Noticed a greater mummy
 38543 | Tomb:2   | Noticed a greater mummy
 38545 | Tomb:2   | Noticed Khufu
 38545 | Tomb:2   | Noticed a greater mummy
 38548 | Tomb:2   | Noticed a greater mummy
 38549 | Tomb:2   | Noticed a greater mummy
 38646 | Tomb:2   | Noticed Jory
 38654 | Tomb:2   | Killed Jory
 38771 | Tomb:3   | Entered Level 3 of the Tomb of the Ancients
 38780 | Tomb:3   | Noticed an ancient lich
 38785 | Tomb:3   | Noticed a greater mummy
 38785 | Tomb:3   | Noticed a greater mummy
 38785 | Tomb:3   | Corrupted Tomb:3
 38786 | Tomb:3   | Noticed a greater mummy
 38807 | Tomb:3   | Noticed a greater mummy
 38819 | Tomb:3   | Noticed a greater mummy
 38825 | Tomb:3   | Noticed a greater mummy
 38855 | Abyss:1  | HP: 2/292 [something (20)]
 38956 | Tomb:3   | Escaped the Abyss
 39055 | Tomb:3   | Noticed an ancient lich
 39063 | Tomb:3   | Noticed a greater mummy
 39064 | Tomb:3   | Killed a greater mummy
 39083 | Tomb:2   | Killed an ancient lich
 39154 | Tomb:3   | Killed an ancient lich
 39171 | Tomb:2   | Killed a greater mummy
 39248 | Tomb:3   | Killed a greater mummy
 39265 | Tomb:2   | Killed a greater mummy
 39399 | Tomb:2   | Rhok: :)
 39474 | Tomb:3   | Killed a greater mummy
 39591 | Tomb:3   | Escaped the Abyss
 39594 | Tomb:3   | Killed a greater mummy
 39596 | Tomb:3   | Killed a greater mummy
 39629 | Tomb:3   | Identified the ring of Weplammy {*Tele +Blink Int+4} (You found it on level 3 of the Tomb of the Ancients)
 39630 | Tomb:3   | Identified the ring "Suros" {Ice rElec Int+3 Dex+2} (You found it on level 3 of the Tomb of the Ancients)
 39631 | Tomb:3   | Identified the ring of Ravioff {*Tele *Contam rF+ Stlth+} (You found it on level 3 of the Tomb of the Ancients)
 39632 | Tomb:3   | Identified the ring "Iseuwidu" {*Tele +Inv Str+3 Dex+3} (You found it on level 3 of the Tomb of the Ancients)
 39633 | Tomb:3   | Identified the ring of Xom's Approval {AC+3 Str+7} (You found it on level 3 of the Tomb of the Ancients)
 39667 | Tomb:3   | Got a golden rune of Zot
 40077 | Crypt:1  | Found a basalt altar of Yredelemnul.
 40240 | Vaults:1 | Lost mutation: Your body sometimes deteriorates upon taking damage. [potion of mutation]
 40240 | Vaults:1 | Lost mutation: You sometimes yell uncontrollably at your foes. [potion of mutation]
 40240 | Vaults:1 | Gained mutation: You are agile. (Dex +2) [potion of mutation]
 40240 | Vaults:1 | Gained mutation: You are resistant to hostile enchantments. (MR+) [potion of mutation]
 40364 | Depths:2 | 4thArraOfDagon: i will do hell later
 40364 | Depths:2 | 4thArraOfDagon: bye!
 40366 | Hell     | Entered the Vestibule of Hell
 40366 | Hell     | Noticed Geryon
 40427 | Hell     | Killed Geryon
 40522 | Hell     | Found a gateway to the ashen valley of Gehenna.
 40529 | Geh:1    | Entered Level 1 of Gehenna
 40800 | Geh:2    | Thaneod: graj bez statue, a nie na łatwizne idziesz
 40851 | Geh:2    | 4thArraOfDagon: :)
 40852 | Geh:2    | 4thArraOfDagon: nie da sie
 40916 | Geh:2    | 4thArraOfDagon: gine ciagle bez tego
 40920 | Geh:2    | You fall through a shaft for 2 floors!
 40922 | Geh:4    | You fall through a shaft for 2 floors!
 40936 | Geh:6    | Noticed an ancient lich
 40940 | Geh:6    | Killed an ancient lich
 40967 | Geh:7    | Entered Level 7 of Gehenna
 40967 | Geh:7    | 4thArraOfDagon: hey power
 40991 | Geh:7    | p0werm0de: heyo
 40996 | Geh:7    | p0werm0de: AK score in reach?
 40996 | Geh:7    | Thaneod: hola!
 41010 | Geh:7    | Noticed the Serpent of Hell
 41023 | Geh:7    | Killed the Serpent of Hell
 41060 | Geh:7    | 4thArraOfDagon: naa
 41060 | Geh:7    | 4thArraOfDagon: its already past it
 41073 | Geh:7    | p0werm0de: k
 41083 | Geh:7    | p0werm0de: gnolls got nerfed a bit
 41088 | Geh:7    | p0werm0de: to +6 magic apts
 41176 | Geh:7    | 4thArraOfDagon: hahaha
 41176 | Geh:7    | 4thArraOfDagon: that changes nothing!
 41234 | Geh:7    | Corrupted Geh:7
 41234 | Geh:7    | Noticed Asmodeus
 41236 | Geh:7    | Got an obsidian rune of Zot
 41302 | Geh:7    | p0werm0de: yep not really
 41323 | Hell     | 4thArraOfDagon: statue form still wrecks havock at lvl8
 41323 | Hell     | Sergey: If I use statue with macabre amulet, would some ring meld ?
 41327 | Hell     | 4thArraOfDagon: no
 41327 | Hell     | 4thArraOfDagon: it works fine
 41355 | Hell     | Sergey: and if I curse 3 rings with ash
 41369 | Hell     | Found a gateway to the Iron City of Dis.
 41378 | Dis:1    | Entered Level 1 of the Iron City of Dis
 41387 | Dis:1    | Sergey: he will give me more bonuses, then for 2 rings?
 41558 | Dis:2    | 4thArraOfDagon: he won't
 41558 | Dis:2    | 4thArraOfDagon: I think he will require to curse that ring too
 41558 | Dis:2    | 4thArraOfDagon: in order to maintain same bonuses
 41558 | Dis:2    | 4thArraOfDagon: but not sure
 41561 | Dis:2    | Sergey: hmm
 41589 | Dis:2    | Sergey: bur 2 of 3 rings is better then 1 of 2, no ?
 41618 | Dis:2    | p0werm0de: ;D
 41618 | Dis:2    | 4thArraOfDagon: haha good q D
 41620 | Dis:2    | Sergey: ashenzari is hard in terms of resistances
 41971 | Dis:5    | BLOAX: frosty bites get yours today
 41983 | Dis:6    | p0werm0de: bloax0r
 41987 | Dis:6    | 4thArraOfDagon: frosty faustings!
 41993 | Dis:6    | BLOAX: now with 50% more calories per 100g
 42101 | Dis:6    | BLOAX: @??iron giant
 42102 | Dis:6    | beem: iron giant (C)
                  | Spd:
    10 | HD: 18   | HP: 149-213
                  | AC/EV: 18/2
                  | Dam: 65
                  | items, doors, fighter, spellcaster, see invisible
                  | Res: magic(120), fire, cold, poison, drown
                  | XP: 3211
                  | Sp: iron shot (3d32), throw ally [!AM, !sil]
                  | Sz: Giant
                  | Int: human.
 42114 | Dis:6    | p0werm0de: http://rockstarenergydrink.com/images/pages/ent206_c78395e7.jpg
 42138 | Dis:6    | BLOAX: still as balanced as ever i imagine
 42145 | Dis:6    | p0werm0de: those are harmless now
 42152 | Dis:6    | p0werm0de: throw was op
 42165 | Dis:6    | BLOAX: oh did they nuke its damage
 42186 | Dis:6    | p0werm0de: it throws monsters now
 42192 | Dis:6    | p0werm0de: not player
 42222 | Dis:6    | BLOAX: oh nice
 42310 | Dis:7    | Entered Level 7 of the Iron City of Dis
 42578 | Abyss:1  | BLOAX: iron shot still likes to give you a ride to 10% hp though %)
 42606 | Dis:7    | Escaped the Abyss
 42623 | Dis:7    | Corrupted Dis:7
 42685 | Dis:7    | Noticed Dispater
 42694 | Dis:7    | Got an iron rune of Zot
 42760 | Hell     | Found a gateway to the freezing wastes of Cocytus.
 42782 | Coc:1    | Entered Level 1 of Cocytus
 43118 | Coc:7    | Entered Level 7 of Cocytus
 43358 | Coc:7    | Corrupted Coc:7
 43363 | Coc:7    | Paralysed by a chaos spawn for 6 turns
 43369 | Coc:7    | BLOAX: at least it made a chokepoint this time
 43445 | Coc:7    | Noticed Antaeus
 43459 | Coc:7    | HP: 11/292 [Antaeus/staff of fire (9)]
 43459 | Coc:7    | Slain by Antaeus

Vault maps used:
D:1:      arrival_aquarium_a, minmay_rat_gold_closets
D:3:      gup_sewer_entry_pipe, lemuel_flame_loot_1, uniq_terence,
          uniq_crazy_yiuf_cottage
D:4:      bloody_trog, minmay_temple_entry_nine_rooms, serial_shops,
          nicolae_shop_behind_doors, first_bread, uniq_grinder
D:5:      grunt_temple_overflow_magic_moments, yredelemnul_altar_generic,
          okawaru_metal_pillars_1_2, minmay_hollow_rounded_squares
D:6:      lemuel_round_altar
D:7:      chequers_temple_overflow_statue_of_worship, serial_shops,
          nicolae_shop_competitors_out_of_business, the_bakery
D:8:      dpeg_lair_monsters, uniq_joseph
D:9:      nicolae_tso_swordbearing_angel,
          nicolae_dithmenos_through_a_glass_darkly, fungi_pond_lemuel,
          uniq_maurice, uniq_psyche
D:10:     erik_orc_2, serial_glass, glass_columns_b, glass_columns_a
D:11:     minmay_gate_of_8, hangedman_decor_riveting, uniq_nergalle,
          uniq_josephine
D:12:     serial_shops, kennysheep_little_box
D:13:     serial_glass, glass_columns_c, glass_columns_c, due_unseen_surprise,
          feat_on_display, minmay_strange_pillars, minmay_strange_pillars,
          hangedman_abyss_or_decor_stabs, david_defended_altar_orc, uniq_frances
D:14:     david_vaults_1, serial_shops, shop_statue, minmay_misc_feat_five,
          basic_altar
D:15:     grunt_enter_depths_snipers, serial_shops, nicolae_shop_waterfront,
          shop, uniq_sonja
Lair:1:   lab_entry_generic, hangedman_lair_generics_rect, grunt_megastairs_1,
          lemuel_fruit_fields
Lair:2:   kb_forest_paths, nicolae_quartered_pool_little
Lair:3:   guppyfry_snake_entry_garden, uniq_rupert, uniq_snorg, uniq_gastronok
Lair:4:   shoals_dummy_entry
Lair:5:   grunt_megastairs_4
Lair:6:   grunt_lair_end_beastmaster, slime_altar_1, grunt_megastairs_5
Shoals:3: st_sunken_temple, uniq_kirke
Shoals:4: shoals_end_grunt_ice, shoals_ilsuiw_ice, uniq_polyphemus, uniq_ilsuiw
Snake:2:  uniq_vashnia
Snake:3:  basic_altar, uniq_aizul, uniq_saint_roka
Snake:4:  grunt_snake_rune_serpentine_throne
Slime:1:  cheibrodos_slime_lost_civilization_4
Slime:2:  basic_altar
Orc:1:    hangedman_minor_magic
Orc:2:    pf_orc_diabolical, serial_shops, shop
Elf:1:    due_chaos_kobolds, serial_shops, nicolae_shop_stone, special_room
Elf:2:    nrook_loot_triangle
Elf:3:    elf_hall_gauntlet_wide, uniq_bai_suzhen
Vaults:1: nicolae_vaults_gold_heap, vaults_room_fours, nicolae_vaults_triangles,
          nicolae_vaults_theta, nicolae_vaults_display_case,
          nicolae_vaults_ring_of_whatevers
Vaults:2: hangedman_vaults_stream, v_pattern_3, nicolae_vaults_halls_meeting,
          v_misc_11, nicolae_vaults_specimen_jars,
          hangedman_vaults_corner_blocks, nicolae_vaults_little_squares_6,
          grunt_vaults_focal, vaults_room_semicircle, v_misc_1,
          nicolae_vaults_windows_and_doors_thing, basic_altar
Vaults:3: vaults_standard_mumra_x, vaults_dpeg_encased_lava,
          vaults_standard_mumra_enter_the_diamond, grunt_vaults_diagonal,
          minmay_crypt_entry_necro_gods, ontoclasm_vaults_chip,
          ontoclasm_vaults_fault, nicolae_vaults_network_square, v_misc_19,
          v_pattern_2, nicolae_vaults_little_squares_6, vaults_room_door_ring,
          uniq_boris
Vaults:4: v_misc_8, v_misc_4, v_misc_12, v_misc_29, v_pattern_4,
          hangedman_vaults_snaps, nicolae_vaults_angled_halls, uniq_mennas
Crypt:1:  lemuel_statue_altar, grunt_crypt_arrival_split,
          roderic_lattice_octagonal_star
Crypt:3:  quadcrypt_mu
Tomb:2:   uniq_khufu, uniq_jory
Depths:1: minmay_two_paths, minmay_misc_feat_roman, lightli_too_deep, pan_entry,
          serial_bayou_pond_c, minmay_multi_spiral
Depths:2: grunt_runaround, pan_entry, hell_entry
Depths:3: minmay_nine_rooms, enter_ziggurat_a, hell_entry,
          minmay_stone_trees_small, pan_entry, marbit_kobold_abyss_entry,
          stair_cage_line, library_closet, serial_bayou_shore_a,
          infiniplex_staircase_spiral_double
Depths:4: grunt_twist_and_shout, kennysheep_big_empty_room, hell_entry,
          abyss_entry, serial_shops, bzr_entry_lakeside, nooodl_food_tri
Depths:5: grunt_zot_entry_tricorne, abyss_entry_flame_altar, hell_entry,
          rand_demon_pan_entry_9
Dis:1:    hangedman_dis_decor_blocks_mantle
Dis:2:    nicolae_dis_hell_towers
Dis:3:    hangedman_dis_monolith
Dis:5:    evilmike_ambush
Dis:6:    nicolae_dis_strange_trophy_room
Dis:7:    iron_city_of_dis
Geh:1:    gehenna_fire_generator
Geh:4:    nicolae_geh_fiery_graves
Geh:7:    geh_grunt_pentagon
Coc:7:    coc_grunt_cove
Abyss:1:  hangedman_cross_veins
Abyss:3:  minivault_1, evilmike_abyss_exit_glass,
          grunt_abyss_rune_wretched_hive, minivault_26,
          eino_small_chamber_without_monster
Pan:      evilmike_mini_pan_other_thingy, nicolae_pan_door_chamber,
          grunt_pan_pentagram, mnoleg_st, pan_blood_fountain, rand_demon_4,
          pan_blood_fountain_small, evilmike_mini_pan_doors_b,
          pan_blood_fountain_small, grunt_pan_in_and_out,
          pan_blood_fountain_small, pan_blood_fountain, grunt_pan_pentagram,
          pan_blood_fountain_small, evilmike_mini_pan_corner,
          lemuel_hellion_island, nicolae_pan_sigil_itan,
          nicolae_pan_mnolegish_1, cerebov_grunt_fire_and_steel,
          pan_blood_fountain_small, rand_demon_8, pan_blood_fountain_2,
          nicolae_pan_gloorx_vloqian_3, regret_index_pan_draining_boxed,
          nicolae_pan_lom_lobonic_1, reaverb_pan_chaos_star, lom_lobon_st,
          pan_blood_fountain_small, reaverb_pan_figure_eight, rand_demon_4,
          uniq_lom_lobon, evilmike_mini_pan_corridor, nicolae_pan_sigil_obb,
          grunt_pan_sceptre, rand_demon_4, pan_blood_fountain_small,
          gloorx_vloq_st, uniq_lom_lobon, nicolae_pan_gloorx_vloqian_4,
          rand_demon_3, evilmike_mini_pan_T, uniq_lom_lobon, pan_surprise
Zig:13:   ziggurat_pillar_centre_c
Zig:14:   ziggurat_pillar_centre_oklobs
Zig:15:   ziggurat_pillar_centre_dead_trees
Lab:      labyrinth_mini_lab
Bazaar:   bazaar_jpeg_cross
Sewer:    sewer_frog_island_01

Skill      XL: |  1  2  3  4  5  6  7  8  9 10 11 12 13 14 15 16 17 18 19 20 21 22 23 24 25 26 27 |
---------------+----------------------------------------------------------------------------------+-----
Invocations    | 2 3 4 6 7 8 9 10 11 13 14 15 17 25 | 25.1
Axes           | 3 4 6 7 8 10 11 13 15 16 18 19 20 24 26 | 26.0
Fighting       | 4 5 6 8 9 10 11 12 13 14 15 18 19 20 21 | 21.1
Armour         | 3 4 5 6 7 8 9 10 11 12 13 | 13.2
Dodging        | 2 3 4 5 6 7 8 10 11 12 13 16 17 18 | 18.5
Transmutations | 5 7 10 11 12 | 12.0
Earth Magic    | 5 7 10 11 12 | 12.0
Spellcasting   | 2 4 6 7 8 9 15 | 15.1
Translocations | 5 6 7 20 | 20.0
Charms         | 2 5 6 |  6.0
Necromancy     | 2 6 |  6.6

Action                   |  1- 3 |  4- 6 |  7- 9 | 10-12 | 13-15 | 16-18 | 19-21 | 22-24 | 25-27 || total
-------------------------+-------+-------+-------+-------+-------+-------+-------+-------+-------++-------
Melee: Hand axe          |    61 |    81 |       |       |       |       |       |       |       ||   142
       Headbutt          |     9 |    24 |    48 |   149 |   255 |   179 |   213 |   135 |   645 ||  1657
       Quarterstaff      |       |    43 |       |       |       |       |       |       |       ||    43
       War axe           |       |    15 |   320 |   593 |   638 |       |       |       |       ||  1566
       Battleaxe         |       |       |       |       |   317 |   913 |   869 |    12 |    51 ||  2162
       Staff             |       |       |       |       |       |     9 |       |     9 |    18 ||    36
       Kick              |       |       |       |       |       |       |   105 |   191 |   171 ||   467
       Executioner's axe |       |       |       |       |       |       |   100 |   715 |  2845 ||  3660
Throw: Tomahawk          |       |       |       |     1 |       |       |       |       |       ||     1
 Cast: Statue Form       |       |       |       |       |       |    15 |    48 |    40 |   142 ||   245
       Apportation       |       |       |       |       |       |       |       |    14 |   124 ||   138
       Regeneration      |       |       |       |       |       |       |       |    14 |   370 ||   384
       Passage of Golubr |       |       |       |       |       |       |       |       |    25 ||    25
       Controlled Blink  |       |       |       |       |       |       |       |       |    21 ||    21
Invok: Depart the Abyss  |     1 |       |       |       |       |       |       |       |     2 ||     3
       Banish            |       |       |     5 |    17 |       |     2 |     3 |     1 |    22 ||    50
       Corrupt           |       |       |       |     1 |       |     1 |       |       |     8 ||    10
       Enter the Abyss   |       |       |       |       |     1 |       |       |     1 |     7 ||     9
       Bend Space        |       |       |       |       |       |       |       |       |     2 ||     2
 Abil: End Transformatio |       |       |       |       |       |     3 |    15 |     8 |    96 ||   122
       Evoke Flight      |       |       |       |       |       |       |       |       |     2 ||     2
Evoke: Wand              |       |       |       |     6 |    10 |     3 |       |       |     5 ||    24
       Lightning rod     |       |       |       |       |    11 |       |       |       |       ||    11
       Phial of floods   |       |       |       |       |     1 |       |       |       |       ||     1
       Box of beasts     |       |       |       |       |       |     5 |       |       |       ||     5
       Lamp of fire      |       |       |       |       |       |     2 |       |       |     1 ||     3
       Phantom mirror    |       |       |       |       |       |     1 |       |       |       ||     1
       Sack of spiders   |       |       |       |       |       |       |     5 |       |     3 ||     8
  Use: Scroll            |     3 |     1 |     4 |    11 |    20 |    11 |    10 |    12 |    56 ||   128
       Potion            |       |     2 |     2 |       |    11 |     4 |     8 |     2 |    36 ||    65
 Stab: Paralysed         |       |     1 |       |       |       |       |       |       |       ||     1
       Petrified         |       |       |       |       |       |       |     6 |       |       ||     6
       Sleeping          |       |       |       |       |       |       |     1 |       |       ||     1
       Distracted        |       |       |       |       |       |       |       |       |     1 ||     1
  Eat: Chunk             |       |     2 |    10 |    13 |    12 |     9 |    27 |    20 |    16 ||   109
       Fruit             |       |     1 |     2 |       |     3 |     4 |     2 |     8 |     6 ||    26
       Royal jelly       |       |     1 |     1 |     4 |     1 |     3 |     2 |     1 |     7 ||    20
       Meat ration       |       |       |     1 |       |     1 |     2 |     4 |       |    10 ||    18
       Bread ration      |       |       |       |       |       |     1 |     1 |     2 |    22 ||    26
Armor: Leather armour    |    11 |     9 |       |       |       |    44 |    43 |     2 |       ||   109
       Ring mail         |       |     9 |       |       |       |       |       |       |       ||     9
       Scale mail        |       |    17 |   126 |    43 |       |       |       |       |       ||   186
       Chain mail        |       |       |       |   207 |   340 |    62 |       |       |       ||   609
       Skin              |       |       |       |       |    42 |   201 |   617 |   498 |  1431 ||  2789
       Troll leather arm |       |       |       |       |       |    48 |     1 |    31 |       ||    80
       Robe              |       |       |       |       |       |       |       |     8 |   181 ||   189
Dodge: Dodged            |    35 |    90 |   171 |   249 |   546 |   757 |  1277 |   975 |  4930 ||  9030

Table legend:
 A = Spawn XP
 B = Non-spawn XP
 C = Spawn XP percentage of total XP
 D = Spawn monster count
 E = Non-spawn monster count
 F = Spawn count percentage of total count
 G = Total turns spent on level
                    A         B        C        D         E        F      G
               +---------+---------+-------+---------+---------+-------+---------
         Total |   58526 | 2452583 |   2.3 |     102 |    3652 |   2.7 | 43459
               +---------+---------+-------+---------+---------+-------+---------
           D:1 |       0 |      14 |   0.0 |       0 |       7 |   0.0 |   321
           D:2 |       0 |      21 |   0.0 |       0 |       8 |   0.0 |   275
           D:3 |       0 |     223 |   0.0 |       0 |      21 |   0.0 |   783
           D:4 |       0 |     731 |   0.0 |       0 |      29 |   0.0 |   563
           D:5 |       0 |     923 |   0.0 |       0 |      27 |   0.0 |   649
           D:6 |       0 |    1009 |   0.0 |       0 |      31 |   0.0 |   511
           D:7 |       0 |    2024 |   0.0 |       0 |      35 |   0.0 |   860
           D:8 |       0 |    6648 |   0.0 |       0 |      33 |   0.0 |   580
           D:9 |       0 |     648 |   0.0 |       0 |       4 |   0.0 |   256
          D:10 |       0 |    2436 |   0.0 |       0 |      38 |   0.0 |   803
          D:11 |       0 |   20417 |   0.0 |       0 |      66 |   0.0 |  1193
          D:12 |       0 |    7070 |   0.0 |       0 |      32 |   0.0 |   646
          D:13 |       0 |    5442 |   0.0 |       0 |      28 |   0.0 |   705
          D:14 |       0 |    6428 |   0.0 |       0 |      18 |   0.0 |   601
          D:15 |       0 |   10182 |   0.0 |       0 |      21 |   0.0 |  1194
        Lair:1 |       0 |    6742 |   0.0 |       0 |      25 |   0.0 |   520
        Lair:2 |       0 |   10945 |   0.0 |       0 |      35 |   0.0 |   533
        Lair:3 |       0 |   11020 |   0.0 |       0 |      25 |   0.0 |   515
        Lair:4 |       0 |    7252 |   0.0 |       0 |      33 |   0.0 |   563
        Lair:5 |       0 |    5017 |   0.0 |       0 |      15 |   0.0 |   363
        Lair:6 |       0 |   26518 |   0.0 |       0 |      70 |   0.0 |   686
      Shoals:1 |       0 |    6992 |   0.0 |       0 |      14 |   0.0 |   329
      Shoals:2 |       0 |   10486 |   0.0 |       0 |      25 |   0.0 |   489
      Shoals:3 |       0 |   19090 |   0.0 |       0 |      37 |   0.0 |   488
      Shoals:4 |       0 |   46152 |   0.0 |       0 |      71 |   0.0 |   757
       Snake:1 |       0 |    6225 |   0.0 |       0 |      13 |   0.0 |   420
       Snake:2 |       0 |   22769 |   0.0 |       0 |      31 |   0.0 |   723
       Snake:3 |       0 |   29849 |   0.0 |       0 |      55 |   0.0 |   464
       Snake:4 |       0 |   77469 |   0.0 |       0 |     133 |   0.0 |  1227
       Slime:1 |       0 |   10775 |   0.0 |       0 |      17 |   0.0 |   107
       Slime:2 |       0 |    3480 |   0.0 |       0 |       7 |   0.0 |    35
       Slime:3 |       0 |    7247 |   0.0 |       0 |      11 |   0.0 |    40
       Slime:4 |       0 |    2081 |   0.0 |       0 |       6 |   0.0 |    22
       Slime:5 |       0 |   60376 |   0.0 |       0 |      59 |   0.0 |   639
         Orc:1 |       0 |    4442 |   0.0 |       0 |      52 |   0.0 |   417
         Orc:2 |       0 |   24956 |   0.0 |       0 |     130 |   0.0 |  1051
         Elf:1 |       0 |   16288 |   0.0 |       0 |      36 |   0.0 |   697
         Elf:2 |       0 |   11033 |   0.0 |       0 |      18 |   0.0 |   276
         Elf:3 |       0 |   66723 |   0.0 |       0 |      56 |   0.0 |  1948
      Vaults:1 |       0 |   46387 |   0.0 |       0 |      87 |   0.0 |   604
      Vaults:2 |       0 |   11138 |   0.0 |       0 |      21 |   0.0 |   142
      Vaults:3 |       0 |   47074 |   0.0 |       0 |      67 |   0.0 |   602
      Vaults:4 |       0 |   72583 |   0.0 |       0 |      83 |   0.0 |   662
      Vaults:5 |       0 |  155503 |   0.0 |       0 |     124 |   0.0 |   911
       Crypt:1 |       0 |   47200 |   0.0 |       0 |      58 |   0.0 |   423
       Crypt:2 |       0 |   35647 |   0.0 |       0 |      44 |   0.0 |   445
       Crypt:3 |       0 |   58845 |   0.0 |       0 |      73 |   0.0 |   816
        Tomb:1 |       0 |   44521 |   0.0 |       0 |      57 |   0.0 |   468
        Tomb:2 |       0 |   47572 |   0.0 |       0 |      51 |   0.0 |   677
        Tomb:3 |       0 |   78621 |   0.0 |       0 |      79 |   0.0 |   296
      Depths:1 |       0 |   69473 |   0.0 |       0 |      79 |   0.0 |  1012
      Depths:2 |       0 |   84389 |   0.0 |       0 |      91 |   0.0 |   689
      Depths:3 |       0 |   49160 |   0.0 |       0 |      42 |   0.0 |   837
      Depths:4 |       0 |   22680 |   0.0 |       0 |      23 |   0.0 |   481
      Depths:5 |       0 |   36691 |   0.0 |       0 |      29 |   0.0 |   288
          Hell |       0 |   39106 |   0.0 |       0 |      73 |   0.0 |   310
         Dis:1 |       0 |   26024 |   0.0 |       0 |      52 |   0.0 |   179
         Dis:2 |       0 |   18318 |   0.0 |       0 |      46 |   0.0 |   246
         Dis:3 |       0 |    7839 |   0.0 |       0 |      19 |   0.0 |    80
         Dis:4 |       0 |    1233 |   0.0 |       0 |       4 |   0.0 |    86
         Dis:6 |       0 |   24310 |   0.0 |       0 |      28 |   0.0 |   337
         Dis:7 |       0 |   45714 |   0.0 |       0 |      37 |   0.0 |   300
         Geh:1 |       0 |    1629 |   0.0 |       0 |       8 |   0.0 |    56
         Geh:2 |       0 |   15331 |   0.0 |       0 |      23 |   0.0 |   335
         Geh:6 |       0 |   14072 |   0.0 |       0 |      10 |   0.0 |    45
         Geh:7 |       0 |   54832 |   0.0 |       0 |      93 |   0.0 |   344
         Coc:3 |       0 |     938 |   0.0 |       0 |       2 |   0.0 |    15
         Coc:4 |       0 |    2971 |   0.0 |       0 |       3 |   0.0 |    14
         Coc:5 |       0 |   11067 |   0.0 |       0 |      17 |   0.0 |   117
         Coc:6 |       0 |   31957 |   0.0 |       0 |      75 |   0.0 |   181
         Coc:7 |       0 |   42236 |   0.0 |       0 |      47 |   0.0 |   341
       Abyss:1 |   32803 |   32917 |  49.9 |      61 |      81 |  43.0 |  1865
       Abyss:2 |   12094 |   12175 |  49.8 |      14 |      25 |  35.9 |   514
       Abyss:3 |    1487 |    6535 |  18.5 |       7 |      21 |  25.0 |   205
           Pan |   12142 |  292588 |   4.0 |      20 |     276 |   6.8 |  3280
         Zig:1 |       0 |    1037 |   0.0 |       0 |       3 |   0.0 |    16
         Zig:2 |       0 |    5606 |   0.0 |       0 |       2 |   0.0 |    23
         Zig:3 |       0 |    3074 |   0.0 |       0 |       7 |   0.0 |    25
         Zig:4 |       0 |    5557 |   0.0 |       0 |       4 |   0.0 |    27
         Zig:5 |       0 |    4705 |   0.0 |       0 |       8 |   0.0 |    32
         Zig:6 |       0 |   10421 |   0.0 |       0 |       7 |   0.0 |    55
         Zig:7 |       0 |   11424 |   0.0 |       0 |      11 |   0.0 |    63
         Zig:8 |       0 |    8166 |   0.0 |       0 |      11 |   0.0 |    74
         Zig:9 |       0 |   11773 |   0.0 |       0 |      24 |   0.0 |    95
        Zig:10 |       0 |   18138 |   0.0 |       0 |      14 |   0.0 |    70
        Zig:11 |       0 |   18798 |   0.0 |       0 |      23 |   0.0 |   116
        Zig:12 |       0 |   25503 |   0.0 |       0 |      28 |   0.0 |   151
        Zig:13 |       0 |   15797 |   0.0 |       0 |      30 |   0.0 |   164
        Zig:14 |       0 |   38491 |   0.0 |       0 |      26 |   0.0 |   153
        Zig:15 |       0 |   24561 |   0.0 |       0 |      42 |   0.0 |    94
        Zig:16 |       0 |   52544 |   0.0 |       0 |      25 |   0.0 |   154
        Zig:17 |       0 |   35085 |   0.0 |       0 |      31 |   0.0 |   147
        Zig:18 |       0 |   13151 |   0.0 |       0 |      15 |   0.0 |    98
           Lab |       0 |    1118 |   0.0 |       0 |       1 |   0.0 |   113
         Sewer |       0 |     215 |   0.0 |       0 |      20 |   0.0 |   277
               +---------+---------+-------+---------+---------+-------+---------
